 Dungeon Crawl Stone Soup version 0.24.0-123-gd5b16e6ec5 (webtiles) character file.

Game seed: 8511889276318938579, levelgen mode: deterministic

1404 Descartes the Thaumaturge (level 8, -2/41 HPs)
             Began as a Deep Elf Conjurer on Feb 3, 2020.
             Was a Follower of Dithmenos.
             Shot with an arrow by a centaur (9 damage)
             ... on level 6 of the Dungeon.
             The game lasted 00:18:20 (6732 turns).

Descartes the Thaumaturge (Deep Elf Conjurer)       Turns: 6732, Time: 00:18:21

Health: -2/41      AC:  5    Str:  5    XL:     8   Next: 42%
Magic:  28/31      EV: 15    Int: 23    God:    Dithmenos [*.....]
Gold:   313        SH:  0    Dex: 15    Spells: 17/24 levels left

rFire    . . .     SeeInvis .   u - +2 falchion (protect)
rCold    . . .     Gourm    .   (no shield)
rNeg     . . .     Faith    .   a - +0 robe
rPois    .         Spirit   .   t - +0 helmet
rElec    .         Reflect  .   l - +0 cloak
rCorr    .         Harm     .   d - +0 pair of gloves
MR       +....                  (no boots)
Stlth    ++++......             (no amulet)
HPRegen  0.13/turn              f - ring of protection from magic
MPRegen  0.22/turn              F - ring of magical power

@: wreathed by umbra
A: no striking features
a: Renounce Religion


You were on level 6 of the Dungeon.
You worshipped Dithmenos.
Dithmenos was aware of your devotion.
You were not hungry.

You visited 1 branch of the dungeon, and saw 6 of its levels.

You collected 313 gold pieces.

Inventory:

Hand Weapons
 k - a +0 dagger
 u - a +2 falchion of protection (weapon)
 J - a +2 dagger of electrocution
Missiles
 i - 2 javelins (quivered)
 j - 98 stones
 o - 7 boomerangs
 r - 93 arrows
 w - 12 poisoned darts
 y - 8 atropa-tipped darts
Armour
 a - a +0 robe (worn)
 d - a +0 pair of gloves (worn)
 l - a +0 cloak (worn)
 t - a +0 helmet (worn)
Jewellery
 f - a ring of protection from magic (left hand)
 q - an uncursed ring of stealth
 x - an uncursed ring of wizardry
 D - a +3 ring of dexterity
 F - a ring of magical power (right hand)
Wands
 n - a wand of flame (22)
 p - a wand of polymorph (8)
Scrolls
 b - 3 scrolls of teleportation
 e - 2 scrolls of magic mapping {unknown}
 g - 6 scrolls of identify
 h - 2 scrolls of remove curse {unknown}
 m - a scroll of fear
 s - 3 scrolls of enchant weapon {unknown}
 v - a scroll of noise {unknown}
 C - 3 scrolls of immolation {unknown}
 E - a scroll of enchant armour {unknown}
 G - 2 scrolls of blinking {unknown}
 L - 2 scrolls of fog {unknown}
Potions
 z - a potion of haste {unknown}
 A - a potion of heal wounds {unknown}
 B - a potion of berserk rage {unknown}
 H - 2 potions of degeneration {unknown}
 K - a potion of flight {unknown}
Comestibles
 c - 13 rations
 I - a chunk of flesh


   Skills:
 - Level 5.0 Dodging
 + Level 5.2 Stealth
 * Level 8.9 Spellcasting
 * Level 8.2 Conjurations


You had 17 spell levels left.
You knew the following spells:

 Your Spells              Type           Power        Failure   Level  Hunger
a - Magic Dart            Conj           ####         1%          1    None
b - Dazzling Spray        Conj/Hex       ####..       3%          3    None
c - Confuse               Hex            ##......     19%         3    None

Your spell library contained the following spells:

 Spells                   Type           Power        Failure   Level  Hunger
 Searing Ray              Conj           #####.       1%          2    None
 Iskenderun's Mystic Bla  Conj           #####...     1%          4    ##.....
 Corona                   Hex            ##.....      6%          1    None
 Summon Small Mammal      Summ           ##..         6%          1    None
 Call Imp                 Summ           ##......     10%         2    None
 Ensorcelled Hibernation  Hex/Ice        ##....       10%         2    None
 Force Lance              Conj/Tloc      ####....     12%         4    ##.....
 Fulminant Prism          Conj/Hex       ####......   12%         4    ##.....
 Call Canine Familiar     Summ           ##......     19%         3    None
 Summon Guardian Golem    Hex/Summ       ##......     19%         3    None
 Tukima's Dance           Hex            ##......     19%         3    None
 Summon Ice Beast         Ice/Summ       ##......     54%         4    ##.....
 Summon Lightning Spire   Summ/Air       ##......     54%         4    ##.....


Dungeon Overview and Level Annotations

Branches:
Dungeon (6/15)             Temple (0/1) D:6

Altars:
Cheibriados
Dithmenos
Elyvilon
Gozag
Okawaru
Ru
Uskayaw
Yredelemnul

Shops:
D:4 (


Message History

Confirm with . or Enter, or press ? or * to list all spells.
Aiming: Magic Dart (safe; 1% risk of failure)
Press: ? - help, Shift-Dir - straight line, f/p - centaur
Aim: a centaur, wielding a +0 shortbow (lightly wounded)
The magic dart hits the centaur.
The centaur is moderately wounded.
The centaur shoots an arrow.
The arrow hits you!
* * * LOW HITPOINT WARNING * * *
You hear a shout!
Casting: Magic Dart (safe; 1% risk of failure)
Confirm with . or Enter, or press ? or * to list all spells.
Aiming: Magic Dart (safe; 1% risk of failure)
Press: ? - help, Shift-Dir - straight line, f/p - centaur
Aim: a centaur, wielding a +0 shortbow (moderately wounded)
The magic dart hits the centaur.
The centaur is heavily wounded.
You hear a shout!
The centaur shoots an arrow.
The arrow barely misses you.
The centaur shoots an arrow.
The arrow hits you!
You die...

#. #.)c #.##.. .
#..#.) .. #.....
... #....## ....
#######.....#...#!
.................
#...)...@#
#........#
#........#
######+##<.......#
...............###
...............+
...............#
...............#
....#..>.......#


You could see a centaur.

Vanquished Creatures
  Menkaure (D:6)
  An ogre (D:4)
  A sky beast (D:5)
  A big kobold (D:6)
  2 bullfrogs (D:6)
  A water moccasin zombie (D:5)
  A killer bee (D:4)
  2 jellies
  3 orc priests
  A centaur skeleton (D:6)
  4 hounds
  7 orc wizards
  5 worker ants
  A hound zombie (D:5)
  10 adders
  2 oozes (D:5)
  3 worms
  An adder skeleton (D:6)
  A dart slug (D:2)
  3 leopard geckos
  18 orcs
  3 ball pythons
  4 bats
  2 giant cockroaches
  9 goblins
  5 hobgoblins
  4 jackals (D:3)
  13 kobolds
  3 quokkas
  5 frilled lizards
  13 rats
130 creatures vanquished.

Notes
Turn   | Place    | Note
-------+----------+-------------------------------------------
     0 | D:1      | Descartes the Deep Elf Conjurer began the quest for the
                  | Orb.
     0 | D:1      | Reached XP level 1. HP: 10/10 MP: 6/6
    21 | D:1      | Found a snail-covered altar of Cheibriados.
   249 | D:1      | Reached XP level 2. HP: 15/15 MP: 3/8
  1204 | D:2      | Reached skill level 5 in Conjurations
  1204 | D:2      | Reached XP level 3. HP: 19/19 MP: 5/10
  1493 | D:2      | Found a sacrificial altar of Ru.
  1530 | D:2      | Reached XP level 4. HP: 24/24 MP: 0/12
  1825 | D:2      | Reached skill level 5 in Spellcasting
  2608 | D:3      | Reached XP level 5. HP: 28/28 MP: 8/14
  2730 | D:3      | HP: 1/28 [orc priest/nerve-wracking pain (6)]
  3644 | D:4      | Reached XP level 6. HP: 32/32 MP: 11/17
  3725 | D:4      | Found Noycyig's Antique Weapon Emporium.
  4244 | D:4      | Found a shadowy altar of Dithmenos.
  4261 | D:4      | Became a worshipper of Dithmenos the Shadowed
  4573 | D:4      | Found a white marble altar of Elyvilon.
  4971 | D:5      | Entered Level 5 of the Dungeon
  4994 | D:4      | Reached XP level 7. HP: 22/36 MP: 1/19
  5755 | D:5      | Found a hide-covered altar of Uskayaw.
  5756 | D:5      | Found a basalt altar of Yredelemnul.
  5756 | D:5      | Found an iron altar of Okawaru.
  5757 | D:5      | Found an opulent altar of Gozag.
  6113 | D:6      | Found a staircase to the Ecumenical Temple.
  6195 | D:6      | Noticed Menkaure
  6205 | D:6      | Killed Menkaure
  6205 | D:6      | Reached * piety under Dithmenos
  6205 | D:6      | Reached XP level 8. HP: 41/41 MP: 22/22
  6228 | D:6      | Reached skill level 5 in Stealth
  6343 | D:5      | Learned a level 3 spell: Dazzling Spray
  6347 | D:5      | Learned a level 3 spell: Confuse
  6464 | D:6      | Reached skill level 5 in Dodging
  6732 | D:6      | Shot with an arrow by a centaur

Levels and vault maps discovered:
D:1:      lemuel_arrival_tunnels, layout_basic, kennysheep_crisscross,
          cheibriados_altar_1
D:2:      layout_loops_ring, nicolae_ru_great_annihilating_truth, serial_glass,
          glass_columns_b, glass_columns_c, minmay_misc_feat_plants,
          minmay_pentomino_r2
D:3:      layout_basic, first_ration
D:4:      minmay_chambers_of_fours, layout_loops_ring, old_standard_altar,
          serial_shops, nicolae_shop_trees, corexii_hall_statues_l,
          elyvilon_altar_3
D:5:      layout_rooms, chequers_temple_overflow_statue_of_worship
D:6:      layout_gridville, minmay_temple_entry_slanted, corexii_hall_statues_l,
          okawaru_ov_weapons_minmay, uniq_menkaure

Skill      XL: |  1  2  3  4  5  6  7  8 |
---------------+-------------------------+-----
Spellcasting   | 4 5 6 8 |  8.9
Conjurations   | 5 6 7 8 |  8.2
Dodging        | 3 4 5 |  5.0
Stealth        | 3 4 5 |  5.2

Action                   |  1- 3 |  4- 6 |  7- 9 || total
-------------------------+-------+-------+-------++-------
Melee: Dagger            |     1 |    11 |       ||    12
       Unarmed           |       |       |    12 ||    12
 Cast: Magic Dart        |    60 |   172 |   171 ||   403
  Use: Scroll            |       |     3 |       ||     3
       Potion            |       |     1 |       ||     1
 Stab: Confused          |       |       |     1 ||     1
  Eat: Chunk             |     2 |     8 |     4 ||    14
       Ration            |       |     1 |       ||     1
Armor: Robe              |     3 |    17 |    16 ||    36
Dodge: Dodged            |     9 |    25 |    62 ||    96
       Rpst.: Falchion   |       |     7 |    11 ||    18
